 Dungeon Crawl Stone Soup version 0.29-a0-885-gb26ba3297d (webtiles) character file.

Game seed: 6445849190390705924

319 Nato the Conjurer (level 6, 0/36 HPs)
             Began as an Octopode Conjurer on July 20, 2022.
             Slain by a bullfrog (8 damage)
             ... on level 4 of the Dungeon.
             The game lasted 00:13:11 (5032 turns).

Nato the Conjurer (Octopode Conjurer)               Turns: 5032, Time: 00:13:12

Health: 0/36       AC:  1    Str:  5    XL:     6   Next: 46%
Magic:  8/13       EV: 13    Int: 21    God:
Gold:   134        SH:  4    Dex: 15    Spells: 14/15 levels left

rFire   . . .      SeeInvis .   q - staff of conjuration
rCold   . . .      Faith    .   (no shield)
rNeg    . . .      Spirit   .   (helmet restricted)
rPois   .          Reflect  .   p - amulet of the acrobat
rElec   .          Harm     .   (no ring)
rCorr   .          Rampage  .   (no ring)
Will    .....                   (no ring)
Stlth   +++.......              (no ring)
HPRegen 0.12/turn               (no ring)
MPRegen 0.13/turn               (no ring)
                                (no ring)
                                (no ring)

@: flying, hasted, very quick
A: almost no armour, amphibious, 8 rings, camouflage 1, gelatinous body 1,
(nimble swimmer 1), tentacles, large bone plates 1, agile 1, screaming 1
a: no special abilities


You were on level 4 of the Dungeon.
You visited 1 branch of the dungeon, and saw 4 of its levels.
You also visited: Sewer.

You collected 134 gold pieces.

Inventory:

Hand Weapons
 f - a +3 spear
Missiles
 t - 2 curare-tipped darts (quivered)
Armour
 b - a +0 hat
Magical Staves
 h - a staff of conjuration
 q - a staff of conjuration (weapon)
Jewellery
 p - an amulet of the acrobat (around mantle)
Wands
 v - a wand of flame (18)
Scrolls
 c - 4 scrolls of identify {unknown}
 e - a scroll of acquirement {unknown}
 k - a scroll of brand weapon {unknown}
 m - a scroll of summoning {unknown}
 n - a scroll of fear {unknown}
 r - a scroll of torment {unknown}
 s - a scroll of vulnerability {unknown}
 u - a scroll of magic mapping {unknown}
Potions
 a - a potion of magic
 d - 2 potions of mutation
 o - 2 potions of might


   Skills:
 - Level 2.0 Dodging
 - Level 2.6 Stealth
 - Level 5.0 Spellcasting
 + Level 5.5 Conjurations


You had 14 spell levels left.
You knew the following spells:

 Your Spells              Type           Power      Damage    Failure   Level
a - Magic Dart            Conj           100%       1d8       1%          1

Your spell library contained the following spells:

 Spells                   Type           Power      Damage    Failure   Level
 Searing Ray              Conj           86%        2d7       1%          2
 Freeze                   Ice            20%        1d4       11%         1
 Dazzling Flash           Conj/Hex       50%        N/A       11%         3
 Frozen Ramparts          Ice            10%        1d3       32%         3
 Fulminant Prism          Conj/Hex       12%        3d9       34%         4
 Hailstorm                Conj/Ice       25%        3d7       34%         4
 Iskenderun's Mystic Bla  Conj/Tloc      25%        2d7       34%         4


Dungeon Overview and Level Annotations

Branches:
Dungeon (4/15)              Sewer (visited)
 Temple: D:4-7

Altars:
Dithmenos
Fedhas

Shops:
D:1 :   D:2 (

Annotations:
D:3 Sigmund


Innate Abilities, Weirdness & Mutations

You cannot wear most types of armour.
You are amphibious.
You can wear up to eight rings at the same time.
Your skin changes colour to match your surroundings (Stealth+).
Your rubbery body absorbs attacks. (AC +1, EV +1)
((You are camouflaged when in or above water. (Stealth+)))
You have tentacles for arms and can constrict up to eight enemies at once.
You are partially covered in large bone plates. (SH +4)
You are agile. (Dex +4, Str/Int -1)
You occasionally shout uncontrollably at your foes.


Message History

It was a potion of mutation.
You feel extremely strange.
Large bone plates grow over parts of your tentacles.
You feel the urge to shout.
You feel agile. You block the bullfrog's attack.
The bullfrog barely misses you. You block the bullfrog's attack.
It was a potion of flight.
You feel very buoyant.
You fly up into the air.
The bullfrog hits you.
* * * LOW HITPOINT WARNING * * *
The bullfrog hits you.
* * * LOW HITPOINT WARNING * * *
The bullfrog misses you.
It was a potion of curing.
You feel better. You block the bullfrog's attack. The bullfrog hits you!
* * * LOW HITPOINT WARNING * * *
The bullfrog barely misses you.
It was a potion of haste.
You feel yourself speed up. The bullfrog closely misses you.
The bullfrog misses you. The bullfrog barely misses you.
The bullfrog completely misses you. The bullfrog attacks as you move away!
The bullfrog completely misses you. The bullfrog barely misses you.
The bullfrog attacks as you move away! The bullfrog misses you.
The bullfrog closely misses you. The bullfrog completely misses you.
The bullfrog attacks as you move away! The bullfrog misses you. x2
The bullfrog completely misses you. The bullfrog attacks as you move away!
The bullfrog closely misses you. The bullfrog attacks as you move away!
The bullfrog closely misses you. The bullfrog completely misses you.
There is a gate leading back out of this place here.
The bullfrog closely misses you. x2
Welcome back to the Dungeon!
There is a collapsed entrance here.
You can't go up here!
Blink to where?
Press: ? - help, Dir - move target
Okay, then.
As you read the scroll labelled WUSYOBRETAI, it crumbles to dust.
It was a scroll of blinking.
The bullfrog hits you!
You die...

#........#...#......
##########....#.....
#...####....
##########.÷.+ ...
#........÷...# #
#.........####
#.#...≈≈≈...#
#....≈F≈≈≈..#
##...≈≈@≈≈..#
#...≈≈F≈≈..#
#....≈≈≈...#
#............#
#.##.........#
#...........##
#....##.##### #...
#.# ### #.


You could see 2 bullfrogs.

Vanquished Creatures
  Terence (D:2)
  An orc wizard (D:3)
  Natasha (thrice) (D:3)
  4 adders
  2 gnolls
  A river rat (D:4)
  3 worms
  2 dart slugs
  4 orcs
  5 endoplasms
  12 giant cockroaches
  9 goblins
  8 hobgoblins
  6 jackals
  4 kobolds
  9 quokkas
  12 ball pythons
  5 bats
  9 frilled lizards
  9 rats
109 creatures vanquished.

Notes
Turn   | Place    | Note
-------+----------+-------------------------------------------
     0 | D:1      | Nato the Octopode Conjurer began the quest for the Orb.
     0 | D:1      | Reached XP level 1. HP: 11/11 MP: 3/3
    73 | D:1      | Found a faded altar of an unknown god.
   157 | D:1      | Reached XP level 2. HP: 4/17 MP: 1/5
   659 | D:1      | Reached XP level 3. HP: 21/21 MP: 3/7
   906 | D:1      | Found Umekusoi's Vocational Training.
  1875 | D:2      | Reached XP level 4. HP: 27/27 MP: 6/9
  2084 | D:2      | Noticed Terence
  2096 | D:2      | Killed Terence
  2239 | D:2      | Found Rythry's Weapon Boutique.
  2824 | D:3      | Reached XP level 5. HP: 31/31 MP: 9/11
  2842 | D:3      | Noticed Sigmund
  3106 | D:3      | Noticed Natasha
  3113 | D:3      | Killed Natasha
  3117 | D:3      | Reached skill level 5 in Spellcasting
  3529 | D:3      | Found a shadowy altar of Dithmenos.
  4086 | D:4      | Found a blossoming altar of Fedhas.
  4350 | D:3      | Noticed Natasha
  4360 | D:3      | Killed Natasha
  4361 | D:3      | Reached skill level 5 in Conjurations
  4361 | D:3      | Reached XP level 6. HP: 15/36 MP: 3/13
  4441 | D:3      | Noticed Natasha
  4449 | D:3      | Killed Natasha
  4657 | D:4      | Found a glowing drain.
  4751 | Sewer    | Entered a sewer
  5018 | Sewer    | Gained mutation: You are partially covered in large bone
                  | plates. (SH +4) [potion of mutation]
  5018 | Sewer    | Gained mutation: You occasionally shout uncontrollably at
                  | your foes. [potion of mutation]
  5018 | Sewer    | Gained mutation: You are agile. (Dex +4, Str/Int -1)
                  | [potion of mutation]
  5032 | D:4      | Slain by a bullfrog

Illustrated notes

Levels and vault maps discovered:
D:1:      kennysheep_arrival_forest, layout_rooms,
          shapermc_ecumenical_altar_venn, minmay_misc_feat_rows,
          chequers_serial_rivers_small_a, hangedman_decor_growths,
          minmay_misc_feat_iff, nicolae_shop_vocational
D:2:      layout_rooms, serial_shops, shop,
          wander_ebering_terrifying_dragon_lair, uniq_terence
D:3:      layout_loops_corners, overflow_temple_1_default,
          kennysheep_okawaru_gauntlet, uniq_natasha, uniq_sigmund
D:4:      minmay_clustersquares, layout_basic, mainiacjoe_overflow_alcove_1,
          fedhas_altar_decomposition, minmay_temple_entry_large_hall,
          serial_glass, glass_columns_a, glass_columns_a, portal_sewer_entry_a

Skill      XL: |  1  2  3  4  5 |
---------------+----------------+-----
Spellcasting   | 3 4 5 |  5.0
Conjurations   | 5 |  5.5
Dodging        | |  2.0
Stealth        | |  2.6

Action                   |  1- 3 |  4- 6 || total
-------------------------+-------+-------++-------
Melee: Unarmed           |     6 |       ||     6
       Constrict         |     2 |       ||     2
       Spear             |     1 |       ||     1
 Cast: Magic Dart        |    77 |   170 ||   247
  Use: Potion            |       |     4 ||     4
       Scroll            |       |     1 ||     1
 Stab: Sleeping          |     1 |       ||     1
Armor: Skin              |       |     3 ||     3
Dodge: Dodged            |     5 |    44 ||    49
Block: Other             |       |     3 ||     3

Table legend: (Time is in decaauts)
 A = Elapsed time spent in this place.
 B = Non-inter-level travel time spent in this place.
 C = Inter-level travel time spent in this place.
 D = Time resting spent in this place.
 E = Time spent auto-exploring this place.
 F = Levels seen in this place.
 G = Mean time per level.
                   A        B        C        D        E       F      G
               +--------+--------+--------+--------+--------+-----+--------+
         Total |   5027 |   4750 |    277 |    984 |   3111 |   5 | 1005.4 |
       Dungeon |   4750 |   4473 |    277 |    823 |   3111 |   4 | 1187.5 |
         Sewer |    276 |    276 |      0 |    161 |      0 |   1 |  276.0 |
               +--------+--------+--------+--------+--------+-----+--------+

Top non-repeatable levels by time:
     D:3: 1868 daAuts
     D:1: 1431 daAuts
     D:2: 1170 daAuts
     D:4: 279 daAuts
   Sewer: 276 daAuts
